 Dungeon Crawl Stone Soup version 0.28.0-45-g0d030f2227 (webtiles) character file.

Game seed: 397631902372499550

36404 Peloso the Fencer (level 13, -3/118 HPs)
             Began as a Minotaur Fighter on Apr 7, 2022.
             Was a High Priest of Okawaru.
             Slain by an ogre
             ... wielding a +0 giant club
              (14 damage)
             ... on level 2 of the Orcish Mines.
             The game lasted 00:47:03 (18071 turns).

Peloso the Fencer (Minotaur Fighter)               Turns: 18071, Time: 00:47:03

Health: -3/118     AC: 36    Str: 29    XL:     13   Next: 52%
Magic:  5/13       EV:  5    Int:  5    God:    Okawaru [*****.]
Gold:   2594       SH: 12    Dex: 13    Spells: 12/12 levels left

rFire   + . .      SeeInvis .   b - +7 falchion "Guz Qook" {flame, rElec rC+}
rCold   + + .      Faith    .   d - +0 kite shield
rNeg    . . .      Spirit   .   g - +5 gold dragon scales
rPois   +          Reflect  .   T - +2 hat
rElec   +          Harm     .   r - +2 cloak {rPois}
rCorr   .          Rampage  .   l - +1 pair of gloves {infuse}
Will    +....                   R - +0 pair of boots
Stlth   ..........              (no amulet)
HPRegen 0.29/turn               o - +6 ring of strength
MPRegen 0.13/turn               N - ring of willpower

@: no status effects
A: horns 2, retaliatory headbutt, hooves 1, iridescent scales 1
a: Renounce Religion, Heroism, Finesse, Duel


You were on level 2 of the Orcish Mines.
You worshipped Okawaru.
Okawaru was extremely pleased with you.
You visited 4 branches of the dungeon, and saw 17 of its levels.
You also visited: Ossuary and Gauntlet.

You collected 2748 gold pieces.
You spent 154 gold pieces at shops.

Inventory:

Hand Weapons
 a - a +6 double sword of holy wrath
 b - the +7 falchion "Guz Qook" (weapon) {flame, rElec rC+}
   (Okawaru gifted it to you on level 2 of the Lair of Beasts)

   It burns those it strikes, dealing additional fire damage.
   Big, fiery blades are also staple armaments of hydra-hunters.
   rC:        It protects you from cold.
   rElec:     It insulates you from electricity.
 h - a +1 demon blade of freezing
Missiles
 v - a throwing net (quivered)
Armour
 c - a +0 buckler
 d - a +0 kite shield (worn)
 g - +5 gold dragon scales (worn)
 l - a +1 pair of gloves of infusion (worn)
 r - a +2 cloak of poison resistance (worn)
 R - a +0 pair of boots (worn)
 T - a +2 hat (worn)
Jewellery
 o - a +6 ring of strength (left hand)
 u - a ring of protection from fire
 z - a ring of protection from cold
 I - a +6 ring of dexterity
 N - a ring of willpower (right hand)
Wands
 L - a wand of paralysis (9)
 S - a wand of digging (1)
Scrolls
 e - 5 scrolls of blinking
 i - a scroll of enchant armour
 j - a scroll of identify
 k - a scroll of brand weapon
 p - a scroll of magic mapping
 w - 3 scrolls of teleportation
 x - 3 scrolls of fear
 Q - a scroll of noise
Potions
 f - 7 potions of curing
 n - a potion of resistance
 q - a potion of berserk rage
 t - a potion of heal wounds
 A - 4 potions of flight
 H - 5 potions of might
 J - 6 potions of haste


   Skills:
 + Level 12.0 Fighting
 + Level 17.2 Long Blades
 + Level 1.6 Maces & Flails
 + Level 14.0 Armour
 + Level 0.1 Dodging
 + Level 1.5 Stealth
 + Level 13.1 Shields
 + Level 2.1 Invocations
 + Level 1.0 Evocations


You had 12 spell levels left.
You didn't know any spells.
Your spell library contained the following spells:

 Spells                   Type           Power      Damage    Failure   Level
 Apportation              Tloc           0%         N/A       100%        1
 Static Discharge         Conj/Air       0%         N/A       100%        2
 Conjure Flame            Conj/Fire      0%         6-21      100%        3
 Ignite Poison            Fire/Tmut/Pois 0%         N/A       100%        3
 Hailstorm                Conj/Ice       0%         3d3       100%        4
 Ice Form                 Ice/Tmut       0%         N/A       100%        4
 Sticky Flame             Conj/Fire      0%         2d3       100%        4
 Fireball                 Conj/Fire      0%         3d3       100%        5
 Starburst                Conj/Fire      0%         6d3       100%        6
 Ignition                 Fire           0%         3d3       100%        8
 Animate Skeleton         Necr           Unusable   N/A       N/A         1
 Summon Small Mammal      Summ           Unusable   N/A       N/A         1
 Call Imp                 Summ           Unusable   N/A       N/A         2
 Summon Mana Viper        Hex/Summ       Unusable   N/A       N/A         5
 Simulacrum               Ice/Necr       Unusable   N/A       N/A         6
 Malign Gateway           Summ/Tloc      Unusable   N/A       N/A         7

Dungeon Overview and Level Annotations

Branches:
Dungeon (12/15)            Temple (1/1) D:4            Lair (2/6) D:10
    Orc (2/2) D:9             Elf (0/3) Orc:2       Ossuary (visited)
Gauntlet (visited)
  Swamp: Lair:2-4    Shoals: Lair:2-4     Snake: Lair:2-4    Spider: Lair:2-4

Altars:
Ashenzari
Cheibriados
Dithmenos
Elyvilon
Fedhas
Gozag
Hepliaklqana
Kikubaaqudgha
Makhleb
Nemelex Xobeh
Okawaru
Qazlal
Ru
Sif Muna
Trog
Uskayaw
Vehumet
Wu Jian
Xom
Yredelemnul
Zin
The Shining One

Shops:
D:10 (([

Portals:
Trove: D:12 (give +3 gold dragon scales)

Annotations:
D:8 1 runed translucent door, joakim's ghost, novice MiBe
Lair:2 Casa
Orc:2 Jorgrun


Innate Abilities, Weirdness & Mutations

You have a pair of horns on your head.
You reflexively headbutt those who attack you in melee.
You have large cloven feet.
You are partially covered in iridescent scales. (AC +2)


Message History

You slash Jorgrun! You burn Jorgrun. Your headbutt misses Jorgrun.
Jorgrun is heavily wounded.
Jorgrun casts a spell at you. The iron shot hits you!!
* * * LOW HITPOINT WARNING * * *
The grasping roots constrict you!
* * * LOW HITPOINT WARNING * * *
You block the ogre's attack.
The ogre mage gestures wildly while chanting.
The ogre mage flickers and vanishes!
You block the two-headed ogre's attack.
The two-headed ogre hits you with a +0 dire flail.
* * * LOW HITPOINT WARNING * * *
You feel much better.
A two-headed ogre comes into view. It is wielding two +0 giant clubs.
The two-headed ogre hits you with a +0 giant club.
* * * LOW HITPOINT WARNING * * *
The two-headed ogre hits you but does no damage.
Jorgrun hits you but does no damage. The grasping roots constrict you!
* * * LOW HITPOINT WARNING * * *
The grasping roots release their grip on you.
Your surroundings seem slightly different.
A two-headed ogre and an ogre come into view.
The two-headed ogre shouts in stereo!
You hear a shout! x3
You hear two shouts!
An ogre comes into view. It is wielding a +0 giant club.
Jorgrun casts a spell at you.
Roots burst forth from the earth!
The grasping roots grab you! The grasping roots constrict you!
* * * LOW HITPOINT WARNING * * *
Blink to where?
Press: ? - help, Dir - move target You escape the roots' grasp.
As you read the scroll of blinking, it crumbles to dust.
You feel like a meek peon again.
An orc comes into view. It is wielding a +0 dagger.
Items here: )))) [[ ††.
Items here: ))))) †.
The ogre hits you with a +0 giant club!
You die...

..........# ### #..........#
.........## #...<.......
..........## ###........#.#
........o..#### ##...........#.
..........###.## ##<............#
...............###...............
..............##.#.........#.....
............)))O..##....).###....
..............##@##.....)## ##...
...........O)###.......#)####....
........O.....##.......).)##.....
..............###.......))##.....
.........O...## #..#.....))......
........O.....###...........)..#.
.......#.......# #.##.#........##
..............## ####.#.......###
............#.## ............#


You could see an ogre (fast).

Vanquished Creatures
  A minotaur (Gauntlet)
  Snorg (D:11)
  An ettin (Orc:2)
  A hell beast (Gauntlet)
  7 hydras
  3 death yaks
  7 two-headed ogres
  Urug (D:11)
  Pikel (D:5)
  An ugly thing (D:12)
  A shining eye (Gauntlet)
  A black mamba (Lair:1)
  Maurice (D:8)
  Joseph (D:8)
  6 cane toads
  A gargoyle (D:10)
  An unseen horror (D:10)
  A komodo dragon (Lair:1)
  4 trolls
  5 slime creatures (D:12)
  A polar bear (Lair:1)
  5 wyverns
  A shadow (D:12)
  47 yaks
  A golden eye (Gauntlet)
  3 basilisks
  4 vampire mosquitoes (D:12)
  2 steam dragons
  2 swamp worms (Gauntlet)
  4 acid dragons
  4 water moccasins
  A necrophage (D:5)
  A sky beast (D:8)
  An ice beast (D:7)
  9 orc warriors
  5 ogres
  A phantom (D:5)
  4 wolves
  2 lemures (D:5)
  10 centaurs
  A bullfrog (D:8)
  A scorpion (D:5)
  3 gnoll sergeants
  2 wyvern zombies
  4 water moccasin zombies (Ossuary)
  A water moccasin skeleton (D:2)
  7 killer bees
  2 electric eels (D:10)
  3 howler monkeys
  2 bullfrog zombies (D:6)
  A jelly (D:5)
  5 centaur zombies
  A bullfrog skeleton (D:4)
  17 orc priests
  Crazy Yiuf (D:5)
  5 hounds
  A centaur skeleton (D:5)
  A gnoll shaman (D:10)
  3 iguanas
  13 orc wizards
  A killer bee zombie (D:9)
  A hound skeleton (D:4)
  2 mummies (Ossuary)
  A howler monkey zombie (D:10)
  27 gnolls
  10 adders
  2 white imps
  2 ufetubi
  3 adder zombies (Ossuary)
  A worm (D:2)
  51 orcs
  6 ball pythons
  4 bats
  4 endoplasms
  4 giant cockroaches
  A gnoll zombie (Ossuary)
  2 goblins
  6 hobgoblins
  2 jackals (D:10)
  A quokka (D:2)
  4 frilled lizards
  7 hobgoblin zombies (Ossuary)
  8 kobolds
  3 kobold zombies (Ossuary)
  4 orc zombies (Ossuary)
  7 rats
392 creatures vanquished.

Vanquished Creatures (others)
  A fungus (Lair:2)
  3 plants (Lair:2)
4 creatures vanquished.

Grand Total: 396 creatures vanquished

Notes
Turn   | Place    | Note
-------+----------+-------------------------------------------
     0 | D:1      | Peloso the Minotaur Fighter began the quest for the Orb.
     0 | D:1      | Reached XP level 1. HP: 19/19 MP: 0/0
   164 | D:1      | Reached XP level 2. HP: 27/27 MP: 1/1
   931 | D:2      | Found a faded altar of an unknown god.
   957 | D:2      | Found a hide-covered altar of Uskayaw.
   975 | D:2      | Reached XP level 3. HP: 24/33 MP: 2/2
  1367 | D:2      | Reached skill level 3 in Long Blades
  1367 | D:2      | Reached XP level 4. HP: 32/41 MP: 3/3
  2137 | D:3      | Reached XP level 5. HP: 36/47 MP: 4/4
  2474 | D:3      | Reached skill level 5 in Armour
  2478 | D:3      | Reached skill level 4 in Long Blades
  2999 | D:4      | Reached XP level 6. HP: 46/53 MP: 5/5
  3015 | D:4      | Reached skill level 5 in Long Blades
  3187 | D:4      | Reached skill level 6 in Long Blades
  3199 | D:4      | Reached skill level 5 in Fighting
  3199 | D:4      | Reached XP level 7. HP: 16/61 MP: 6/6
  3297 | D:4      | Found a staircase to the Ecumenical Temple.
  3353 | D:4      | Found a sand-covered staircase.
  3359 | Ossuary  | Entered an ossuary
  3489 | Ossuary  | Reached skill level 7 in Long Blades
  3489 | Ossuary  | Reached skill level 5 in Shields
  3848 | Temple   | Entered the Ecumenical Temple
  4147 | D:5      | Entered Level 5 of the Dungeon
  4393 | D:5      | Reached skill level 8 in Long Blades
  4393 | D:5      | Reached XP level 8. HP: 65/69 MP: 7/7
  4504 | D:5      | Noticed Pikel
  4551 | D:5      | Killed Pikel
  4552 | D:5      | Reached skill level 9 in Long Blades
  4565 | D:5      | Found an iron altar of Okawaru.
  4588 | D:5      | Became a worshipper of Warmaster Okawaru
  5169 | D:5      | Found a runed translucent door.
  5170 | D:5      | Noticed Crazy Yiuf
  5293 | D:5      | Killed Crazy Yiuf
  5632 | D:6      | Reached skill level 10 in Long Blades
  6184 | D:7      | Reached XP level 9. HP: 52/78 MP: 8/8
  6889 | D:8      | Reached * piety under Okawaru
  6908 | D:8      | Reached skill level 11 in Long Blades
  7069 | D:8      | Found a runed translucent door.
  7078 | D:8      | Noticed joakim's ghost (novice MiBe)
  7113 | D:8      | Noticed Maurice
  7135 | D:8      | Killed Maurice
  7294 | D:8      | Noticed Joseph
  7306 | D:8      | Killed Joseph
  7424 | D:8      | Reached XP level 10. HP: 88/88 MP: 9/9
  7729 | D:8      | Reached ** piety under Okawaru
  7746 | D:9      | Reached skill level 1 in Stealth
  7786 | D:9      | Found a staircase to the Orcish Mines.
  7862 | D:9      | Noticed a two-headed ogre
  7873 | D:9      | Killed a two-headed ogre
  7874 | D:9      | Reached skill level 12 in Long Blades
  8486 | D:9      | Reached *** piety under Okawaru
  8921 | D:10     | Entered Level 10 of the Dungeon
  8953 | D:10     | Noticed a gargoyle
  8976 | D:10     | Killed a gargoyle
  8999 | D:10     | Reached skill level 13 in Long Blades
  9068 | D:10     | Reached **** piety under Okawaru
  9069 | D:10     | Reached skill level 10 in Armour
  9516 | D:10     | Got the Guide on Conjuration and Creation
  9537 | D:10     | Found Erier's Antique Armour Emporium.
  9544 | D:10     | Bought an embroidered hat for 154 gold pieces
  9569 | D:10     | Found Hegusem's Antique Weapon Boutique.
  9587 | D:10     | Found a staircase to the Lair.
  9588 | D:10     | Noticed a death yak
  9589 | D:10     | Noticed a death yak
  9589 | D:10     | Noticed a death yak
  9873 | D:10     | Noticed a two-headed ogre
  9882 | D:10     | Killed a two-headed ogre
  9882 | D:10     | Received a gift from Okawaru
  9883 | D:10     | Reached XP level 11. HP: 81/95 MP: 10/10
  9972 | D:10     | Found Goish's Weapon Shop.
 10110 | D:9      | Killed a death yak
 10301 | D:9      | Killed a death yak
 10617 | D:10     | Killed a death yak
 10617 | D:10     | Reached ***** piety under Okawaru
 10618 | D:10     | Reached skill level 14 in Long Blades
 10860 | D:11     | Noticed a four-headed hydra
 10867 | D:11     | Noticed a two-headed ogre
 10888 | D:11     | Killed a two-headed ogre
 10899 | D:11     | Killed a four-headed hydra
 10900 | D:11     | Reached skill level 10 in Shields
 10932 | D:11     | Found a gate leading to a gauntlet.
 10941 | Gauntlet | Entered a Gauntlet
 10941 | Gauntlet | Noticed a tengu warrior
 10941 | Gauntlet | Found a transporter.
 10941 | Gauntlet | Found a transporter.
 10941 | Gauntlet | Found a transporter.
 10962 | Gauntlet | Found a transporter.
 10982 | Gauntlet | Found a transporter.
 10984 | Gauntlet | Noticed a death yak
 10984 | Gauntlet | Noticed a death yak
 10985 | Gauntlet | Noticed a death yak
 10985 | Gauntlet | Noticed a death yak
 10986 | Gauntlet | Noticed a death yak
 10988 | Gauntlet | Noticed a death yak
 10989 | Gauntlet | Found a transporter.
 11003 | Gauntlet | Found a transporter.
 11018 | Gauntlet | Found a transporter.
 11020 | Gauntlet | Noticed a hell beast
 11044 | Gauntlet | Found a transporter.
 11047 | Gauntlet | Found a transporter.
 11047 | Gauntlet | Noticed a shining eye
 11058 | Gauntlet | Found a transporter.
 11061 | Gauntlet | Found a transporter.
 11419 | Gauntlet | Gained mutation: You are frail. (-10% HP) [a shining eye]
 11420 | Gauntlet | Killed a shining eye
 11420 | Gauntlet | Received a gift from Okawaru
 11448 | Gauntlet | Lost mutation: You are frail. (-10% HP) [potion of
                  | mutation]
 11448 | Gauntlet | Gained mutation: You are partially covered in iridescent
                  | scales. (AC +2) [potion of mutation]
 11448 | Gauntlet | Gained mutation: You have large cloven feet. [potion of
                  | mutation]
 11841 | Gauntlet | Identified 2 scrolls of acquirement
 11869 | Gauntlet | Killed a hell beast
 11892 | Gauntlet | Acquired 1163 gold pieces
 11899 | Gauntlet | Acquired a +6 double sword of holy wrath
 11930 | Gauntlet | Noticed a minotaur
 11936 | Gauntlet | Killed a minotaur
 11937 | Gauntlet | Reached skill level 1 in Invocations
 12083 | D:11     | Noticed Snorg
 12090 | D:11     | Noticed a two-headed ogre
 12096 | D:11     | Killed Snorg
 12097 | D:11     | Reached skill level 1 in Maces & Flails
 12099 | D:11     | Killed a two-headed ogre
 12100 | D:11     | Reached skill level 10 in Fighting
 12100 | D:11     | Reached XP level 12. HP: 76/106 MP: 2/12
 12111 | D:11     | Noticed a two-headed ogre
 12120 | D:11     | Killed a two-headed ogre
 12120 | D:11     | Received a gift from Okawaru
 12184 | D:11     | Reached skill level 15 in Long Blades
 12486 | D:11     | Noticed Urug
 12507 | D:11     | Killed Urug
 12629 | D:11     | Identified the +1 ring mail "Cosollen" {Dex+5}
 12676 | D:11     | Received a gift from Okawaru
 13203 | D:11     | Noticed a four-headed hydra
 13213 | D:11     | Killed a four-headed hydra
 13332 | Lair:1   | Entered Level 1 of the Lair of Beasts
 13477 | Lair:1   | Noticed a five-headed hydra
 13486 | Lair:1   | Killed a five-headed hydra
 13726 | Lair:1   | Reached skill level 16 in Long Blades
 13739 | Lair:1   | Identified the +3 war axe "Jinaimip" {drain, rC- Str+4
                  | Int+4}
 14372 | Lair:2   | Identified the +7 falchion "Guz Qook" {flame, rElec rC+}
                  | (Okawaru gifted it to you on level 2 of the Lair of Beasts)
 14372 | Lair:2   | Received a gift from Okawaru
 14578 | Lair:2   | Noticed a five-headed hydra
 14583 | Lair:2   | Killed a two-headed hydra
 14634 | Lair:2   | Reached XP level 13. HP: 116/116 MP: 10/13
 15932 | D:12     | Received a gift from Okawaru
 16318 | D:12     | Found a portal to a secret trove of treasure.
 16332 | D:12     | Reached skill level 1 in Evocations
 16337 | D:12     | Reached skill level 17 in Long Blades
 16847 | Orc:1    | Entered Level 1 of the Orcish Mines
 17308 | Orc:2    | Entered Level 2 of the Orcish Mines
 17308 | Orc:2    | Found a staircase to the Elven Halls.
 17329 | Orc:2    | Noticed an ettin
 17337 | Orc:2    | Killed an ettin
 18042 | Orc:2    | Noticed Jorgrun
 18071 | Orc:2    | Slain by an ogre

Illustrated notes

Levels and vault maps discovered:
D:1:      matt_arrival_refuge, layout_loops_ring, minmay_misc_feat_alley
D:2:      layout_basic, basic_altar, serial_rivers,
          chequers_serial_rivers_large_a, chequers_serial_rivers_micro_b,
          chequers_serial_rivers_micro_b, chequers_serial_rivers_marsh,
          chequers_serial_rivers_micro_c, chequers_serial_rivers_micro_c,
          basic_ecumenical_altar, kennysheep_generic_room_10
D:3:      layout_basic
D:4:      layout_gridville, lemuel_temple_firewalk_b, enter_ossuary_1
D:5:      layout_basic, kennysheep_mini, uniq_pikel, uniq_crazy_yiuf_cottage
D:6:      layout_loops_ring, nicolae_figureground_sparkle
D:7:      layout_cave_pools, minivault_1, hex_large,
          minmay_misc_feat_secret_circle
D:8:      layout_gridville, ebering_ghost_reflecting_pool, grunt_ogre_cave,
          uniq_maurice, uniq_joseph
D:9:      layout_long_grid, orc_0_dummy, serial_co_window_serial,
          co_window_paths_a, co_window_of_opportunity_a, co_window_paths_b,
          co_window_corner_a, co_window_paths_a, co_window_unsneaky_path_e,
          co_window_corner_b, co_window_broadway_a, co_window_cross_4,
          co_window_of_opportunity_b, co_window_4corner_b, glass_columns_b,
          glass_columns_b
D:10:     layout_cave_pools, dpeg_lair_monsters, serial_shops,
          nicolae_shop_stone, serial_gnoll_camp, gnoll_camp_mini_shop,
          gnoll_camp_huts_basic, gnoll_camp_mini_loothouse, gnoll_camp_mini_hut,
          gnoll_camp_mini_hut, gnoll_camp_mini_shop, kennysheep_minor_cross
D:11:     layout_loops_ring, gauntlet_entry_generic,
          minmay_fractal_squares_gapless_5, uniq_urug, uniq_snorg
D:12:     layout_rooms, enter_trove_0
Temple:   mainiacjoe_temple_hex_bubbles
Lair:1:   layout_hall_layers
Lair:2:   layout_hall_layers
Orc:1:    layout_diamond_mine
Orc:2:    st_orc_ogre_mass, layout_diamond_mine, uniq_jorgrun

Skill      XL: |  1  2  3  4  5  6  7  8  9 10 11 12 13 |
---------------+----------------------------------------+-----
Fighting       | 4 5 6 7 8 10 11 12 | 12.0
Shields        | 4 5 7 9 10 12 13 | 13.1
Armour         | 4 5 6 8 9 10 12 13 14 | 14.0
Long Blades    | 3 4 6 8 10 11 13 14 16 17 | 17.2
Stealth        | 1 |  1.5
Invocations    | 1 2 |  2.1
Maces & Flails | 1 |  1.6
Evocations     | 1 |  1.0
Dodging        | |  0.1

Action                   |  1- 3 |  4- 6 |  7- 9 | 10-12 | 13-15 || total
-------------------------+-------+-------+-------+-------+-------++-------
Melee: Long sword        |    73 |   108 |   345 |   299 |       ||   825
       Headbutt          |    11 |    23 |    58 |   122 |    54 ||   268
       Double sword      |       |       |       |   166 |       ||   166
       Whip              |       |       |       |    27 |       ||    27
       Falchion          |       |       |       |    25 |   254 ||   279
Invok: Heroism           |       |       |       |    12 |     2 ||    14
Evoke: Wand              |       |       |     4 |       |     3 ||     7
  Use: Scroll            |       |     6 |     9 |    11 |     6 ||    32
       Potion            |       |     1 |       |     5 |     1 ||     7
 Stab: Paralysed         |       |       |     3 |       |       ||     3
Armor: Scale mail        |    31 |     7 |       |       |       ||    38
       Gold dragon scale |       |    80 |   232 |   425 |   140 ||   877
       Chain mail        |       |     1 |       |       |       ||     1
Dodge: Dodged            |    24 |    40 |    55 |   113 |    27 ||   259
Block: Buckler           |     6 |    34 |    34 |       |       ||    74
       Kite shield       |       |       |    75 |   323 |   116 ||   514
